 Dungeon Crawl Stone Soup version 0.31.0-11-ge490571c62 (webtiles) character file.

Game seed: 17298668398500189213

996 Rassilon the Insei (level 7, -9/55 HPs)
             Began as a Demonspawn Monk on Feb 1, 2024.
             Was a Priest of Wu Jian.
             Killed from afar by an acid dragon (22 damage)
             ... with a splash of acid
             ... on level 5 of the Dungeon.
             The game lasted 00:14:34 (3409 turns).

Rassilon the Insei (Demonspawn Monk)                Turns: 3409, Time: 00:14:34

Health: -9/55      AC:  8    Str: 13    XL:     7   Next: 99%
Magic:  9/9        EV: 14    Int: 10    God:    Wu Jian [***...]
Gold:   249        SH:  0    Dex: 22    Spells: 7/9 levels left

rFire   + .          .
                       - Unarmed
rCold   . . .        (no shield)
rNeg    . . .        b - +2 leather armour {rF+}
rPois   .            (no helmet)
rElec   .            (no cloak)
rCorr   .            g - +2 pair of gloves
SInv    .            (no boots)
Will    .....        (no amulet)
Stlth   ++           n - +6 ring of dexterity
HPRegen 0.29/turn    (no ring)
MPRegen 0.11/turn

%: no passive effects
@: mighty, slowed, very slow
A: foul stench 1, powered by death 1, demonic touch 1, inability to drink after
injury 1
a: Renounce Religion, Wall Jump, Serpent's Lash


You were on level 5 of the Dungeon.
You worshipped Wu Jian.
Wu Jian was most pleased with you.
You visited 1 branch of the dungeon, and saw 5 of its levels.

You collected 249 gold pieces.

Inventory:

Missiles
 d - 6 curare-tipped darts (quivered)
Armour
 b - a +2 leather armour of fire resistance (worn)
 g - a +2 pair of gloves (worn)
 p - a +1 leather armour of poison resistance
Jewellery
 n - a +6 ring of dexterity (left hand)
 q - a ring of magical power
Talismans
 c - a beast talisman
Scrolls
 a - a scroll of noise {unknown}
 e - 2 scrolls of immolation
 f - 3 scrolls of identify
 h - a scroll of enchant weapon
 i - 2 scrolls of vulnerability
 l - a scroll of fog {unknown}
 r - 2 scrolls of amnesia
Potions
 m - a potion of enlightenment {unknown}
 o - a potion of brilliance {unknown}


   Skills:
 + Level 4.9 Fighting
 + Level 3.1 Throwing
 + Level 4.4 Dodging
 * Level 5.6 Unarmed Combat
 + Level 1.7 Spellcasting
 + Level 1.4 Shapeshifting


You had 7 spell levels left.
You knew the following spells:

 Your Spells              Type           Power      Damage    Failure   Level
a - Mercury Vapours       Alch/Air       0%         N/A       52%         2

Your spell library contained the following spells:

 Spells                   Type           Power      Damage    Failure   Level
 Kiss of Death            Conj/Necr      0%         2d5       38%         1
 Confusing Touch          Hex            0%         N/A       77%         3
 Mephitic Cloud           Conj/Alch/Air  0%         N/A       77%         3
 Dispel Undead            Necr           0%         3d6       99%         4
 Freezing Cloud           Conj/Ice/Air   0%         6-21      100%        5


Dungeon Overview and Level Annotations

Branches:
Dungeon (5/15)             Temple (0/1) D:4

Altars:
Gozag
Qazlal
Vehumet
Wu Jian


Innate Abilities, Weirdness & Mutations

You may rarely emit foul miasma when damaged in melee.
You regenerate a little health from kills.
Your touch may inflict minor irresistible damage on your foes.
You occasionally lose the ability to drink potions when taking damage.


Message History

The wraith is lightly damaged.
You repeatedly attack the gnoll from above.
You punch the gnoll!
The gnoll is severely wounded.
You hit the gnoll.
The gnoll is almost dead.
You hit the gnoll.
You kill the gnoll!
The Council accepts your kill. The wraith hits you.
The wraith drains your vigour!
You feel as though you will be slow longer.
The wraith hits you but does no damage. The acid dragon bites you.
The acid dragon barely misses you. The wraith hits you.
The wraith drains your vigour!
You feel as though you will be slow longer.
The acid dragon bites you.
* * * LOW HITPOINT WARNING * * *
The acid dragon claws you but does no damage.
Unknown command.
It was a potion of might.
You feel very mighty all of a sudden. The wraith misses you.
The acid dragon barely misses you. The acid dragon claws you.
* * * LOW HITPOINT WARNING * * *
The wraith barely misses you.
Aiming: Wall Jump
Press: ? - help, Dir - move target You repeatedly attack the wraith from above.
You hit the wraith.
You touch the wraith!
The wraith is heavily damaged.
You hit the wraith but do no damage.
You touch the wraith!
The wraith is severely damaged.
The wraith barely misses you.
The acid dragon bites you but does no damage.
The acid dragon claws you.
* * * LOW HITPOINT WARNING * * *
The wraith hits you but does no damage. The acid dragon spits acid at you.
The splash of acid hits you!!
You die...

##### ### #.#.# ##.#
##...## #..##
###.....# #...#
##.#.###.## ####...#
#....##...###.#...##
#...###...........##
#...○###....##.....#
###.D@###.........####
##)W○○.#....#..#.##..
#..).......##........
##))####........###..
♣..♣ ##...##.......
♣..♣ ##..####....#
♣..♣ # . ####.... ♣..♣
#......# ♣..♣ .....###


You could see a wraith and an acid dragon (catching breath).

Vanquished Creatures
  Grinder (D:3)
  Edmund (D:4)
  A centaur (D:3)
  A phantom (D:4)
  2 bombardier beetles
  A gnoll bouda (D:5)
  2 hounds (D:4)
  Terence (D:2)
  An iguana (D:5)
  Natasha (thrice) (D:2)
  2 orc wizards
  8 gnolls (D:5)
  4 adders
  3 dart slugs
  2 ribbon worms (D:3)
  11 orcs
  6 ball pythons
  4 endoplasms
  A giant cockroach (D:1)
  5 goblins
  4 hobgoblins
  9 jackals
  7 kobolds
  3 quokkas
  A bat (D:3)
  3 frilled lizards
  3 rats
90 creatures vanquished.

Notes
Turn   | Place    | Note
-------+----------+-------------------------------------------
     0 | D:1      | Rassilon the Demonspawn Monk began the quest for the Orb.
     0 | D:1      | Reached XP level 1. HP: 18/18 MP: 1/1
   179 | D:1      | Reached skill level 3 in Unarmed Combat
   179 | D:1      | Gained mutation: You regenerate a little health from kills.
                  | [demonic ancestry]
   179 | D:1      | Reached XP level 2. HP: 9/24 MP: 2/2
   565 | D:1      | Found a faded altar of an unknown god.
   632 | D:1      | Gained mutation: You occasionally lose the ability to drink
                  | potions when taking damage. [potion of mutation]
   632 | D:1      | Gained mutation: Your muscles are strong. (Str +4, Int/Dex
                  | -1) [potion of mutation]
   632 | D:1      | Lost mutation: Your muscles are strong. (Str +4, Int/Dex
                  | -1) [potion of mutation]
   739 | D:2      | Noticed Natasha
   755 | D:2      | Killed Natasha
   756 | D:2      | Gained mutation: You may rarely emit foul miasma when
                  | damaged in melee. [demonic ancestry]
   756 | D:2      | Reached XP level 3. HP: 17/29 MP: 3/3
   829 | D:2      | Noticed Natasha
   841 | D:2      | Killed Natasha
   842 | D:2      | Reached skill level 1 in Throwing
   842 | D:2      | Gained mutation: Your touch may inflict minor irresistible
                  | damage on your foes. [demonic ancestry]
   842 | D:2      | Reached XP level 4. HP: 21/35 MP: 4/4
   958 | D:2      | Learned a level 2 spell: Mercury Vapours
  1055 | D:2      | Noticed Natasha
  1061 | D:2      | Noticed Terence
  1064 | D:2      | Killed Natasha
  1071 | D:2      | Killed Terence
  1094 | D:2      | Reached XP level 5. HP: 42/42 MP: 5/5
  1237 | D:2      | Reached skill level 4 in Unarmed Combat
  1649 | D:3      | Noticed a centaur
  1659 | D:3      | Killed a centaur
  1738 | D:3      | Found an ornate altar of the Wu Jian Council.
  1743 | D:3      | Became a worshipper of the Wu Jian Council
  1743 | D:3      | Reached * piety under Wu Jian
  1743 | D:3      | Reached ** piety under Wu Jian
  2257 | D:3      | Noticed Grinder
  2265 | D:3      | Paralysed by Grinder for 4 turns
  2274 | D:3      | Killed Grinder
  2275 | D:3      | Reached XP level 6. HP: 31/48 MP: 6/6
  2337 | D:3      | Found a radiant altar of Vehumet.
  2337 | D:3      | Found an opulent altar of Gozag.
  2339 | D:3      | Found a stormy altar of Qazlal.
  2418 | D:4      | Identified the +4 sling "Oggutush" {speed, rElec Will+
                  | SInv}
  2422 | D:4      | Reached skill level 5 in Unarmed Combat
  2498 | D:4      | Reached XP level 7. HP: 54/55 MP: 7/7
  2797 | D:4      | Noticed Edmund
  2804 | D:4      | Found a staircase to the Ecumenical Temple.
  2823 | D:4      | Killed Edmund
  2824 | D:4      | Reached skill level 1 in Spellcasting
  2824 | D:4      | Reached skill level 1 in Shapeshifting
  3106 | D:4      | You fall into a shaft and drop 1 floor!
  3106 | D:5      | Entered Level 5 of the Dungeon
  3389 | D:5      | Noticed a wraith
  3400 | D:5      | Reached *** piety under Wu Jian
  3409 | D:5      | Killed from afar by an acid dragon

Illustrated notes

Levels and vault maps discovered:
D:1:      enne_arrival_octagon_isle, layout_basic, basic_ecumenical_altar,
          wander_ebering_terrifying_dragon_lair
D:2:      layout_loops_cross, uniq_terence, uniq_natasha
D:3:      layout_loops_ring, nzn_wu_jian_contemplation,
          nicolae_overflow_hidden_temple, roderic_lattice_a, uniq_grinder
D:4:      layout_basic, minmay_temple_entry_antechambers, uniq_edmund
D:5:      kennysheep_big_flooded_room, layout_cave_pools, uniq_eustachio,
          uniq_crazy_yiuf_cottage, uniq_blork_the_orc

Skill      XL: |  1  2  3  4  5  6  7 |
---------------+----------------------+-----
Unarmed Combat | 3 4 5 |  5.6
Dodging        | 3 4 |  4.4
Throwing       | 1 2 3 |  3.1
Fighting       | 4 |  4.9
Spellcasting   | 1 |  1.7
Shapeshifting  | 1 |  1.4

Action                     |  1- 3 |  4- 6 |  7- 9 || total
---------------------------+-------+-------+-------++-------
  Melee: Unarmed           |    85 |    98 |   123 ||   306
         Punch             |     3 |     5 |     5 ||    13
         Touch             |       |    18 |    28 ||    46
  Throw: Dart              |       |     6 |     1 ||     7
Ability: Lunge             |       |     1 |     7 ||     8
         Whirlwind         |       |     7 |    26 ||    33
         Wall Jump         |       |     2 |     5 ||     7
    Use: Scroll            |     2 |     8 |       ||    10
         Potion            |     1 |       |     3 ||     4
   Stab: Sleeping          |     3 |       |       ||     3
 Armour: Robe              |    33 |    66 |    13 ||   112
         Leather armour    |       |       |    64 ||    64
  Dodge: Dodged            |    58 |    80 |    67 ||   205
